 Dungeon Crawl Stone Soup version 0.22-a0-565-gfc6459a (webtiles) character file.

108229 Amnesiac the Spry (level 16, 0/95 HPs)
             Began as a Spriggan Wanderer on June 28, 2018.
             Was an Initiate of Gozag.
             Killed by vampiric draining
             ... invoked by a vampire mage
              (10 damage)
             ... on level 1 of the Depths.
             The game lasted 01:44:02 (43258 turns).

Amnesiac the Spry (Spriggan Wanderer)              Turns: 43258, Time: 01:44:02

Health: 0/95       AC:  6    Str: 14    XL:     16   Next: 2%
Magic:  24/31      EV: 33    Int: 13    God:    Gozag
Gold:   4882       SH: 10    Dex: 17    Spells: 20/35 levels left

rFire    + . .     SeeInvis +   (weapon restricted)
rCold    + . .     Gourm    .   K - +2 buckler
rNeg     . . .     Faith    .   L - +0 robe {rF+}
rPois    .         Spirit   .   e - +2 hat
rElec    .         Reflect  .   N - scarf {cloud immunity}
rCorr    .         Harm     .   (gloves unavailable)
MR       ++...                  (boots unavailable)
Stlth    ++++......             H - amulet of the acrobat
HPRegen  0.25/turn              l - ring of protection from cold
MPRegen  0.22/turn              I - +2 ring of protection

@: confusing touch, very slightly contaminated, drained, very quick
A: very small, unfitting armour, repulsion field 1, see invisible, herbivore,
speed 3, slow metabolism 2
a: Potion Petition, Call Merchant, Bribe Branch, Renounce Religion


You were on level 1 of the Depths.
You worshipped Gozag.
Gozag was most pleased with you.
You were not hungry.

You visited 5 branches of the dungeon, and saw 20 of its levels.
You also visited: Sewer and Ice Cave.

You collected 7305 gold pieces.
You spent 2372 gold pieces at shops.
You paid 51 gold pieces to Gozag.

Inventory:

Hand Weapons
 a - a +0 dagger of venom
 b - the +9 falchion "Ufeumoma" {flame, *Rage +Fly Str+3 Int+4}
   (You found it on level 13 of the Dungeon)

   It has been specially enchanted to burn those struck by it, causing extra
   injury to most foes and up to half again as much damage against particularly
   susceptible opponents.
   Big, fiery blades are also staple armaments of hydra-hunters.
   It affects your strength (+3).
   It affects your intelligence (+4).
   It lets you fly.
   It may make you go berserk in combat.
Missiles
 F - 517 arrows
Armour
 e - a +2 hat (worn)
 K - a +2 buckler (worn)
 L - a +0 robe of fire resistance (worn)
 N - a scarf of cloud immunity (worn)
Jewellery
 k - an uncursed ring of poison resistance
 l - a ring of protection from cold (left hand)
 n - an uncursed ring of flight
 w - an uncursed ring of resist corrosion
 B - an uncursed ring of fire
 H - an amulet of the acrobat (around neck)
 I - a +2 ring of protection (right hand)
Wands
 i - a wand of digging (22)
 E - a wand of paralysis (18)
 O - a wand of polymorph (14)
Scrolls
 c - 12 scrolls of teleportation {!r}
 d - 4 scrolls of blinking {!r}
 h - a scroll of holy word {!r}
 j - 4 scrolls of fog {!r}
 o - 2 scrolls of enchant armour {!r}
 p - 10 scrolls of remove curse {!r}
 r - 4 scrolls of amnesia {!r}
 x - 5 scrolls of magic mapping {!r}
 y - 2 scrolls of enchant weapon {!r}
 A - 3 scrolls of silence {!r}
 P - a scroll of vulnerability {!r}
 T - 2 scrolls of fear {!r}
Potions
 g - a potion of mutation {!q}
 t - a potion of cancellation {!q}
 u - 3 potions of lignification {!q}
 v - 4 potions of agility {!q}
 z - a potion of brilliance {!q}
 C - a potion of magic {!q}
 G - a potion of flight {!q}
 M - a potion of haste {!q}
 Q - a potion of ambrosia {!q}
 R - a potion of berserk rage {!q}
 S - a potion of invisibility {!q}
Miscellaneous
 D - a box of beasts
 U - a sack of spiders
Comestibles
 f - 4 rations


   Skills:
 * Level 15.3(14.5) Fighting
 - Level 8.0(7.4) Short Blades
 + Level 16.0(15.3) Dodging
 - Level 8.0(7.3) Stealth
 - Level 7.5(6.8) Shields
 - Level 10.0(9.3) Spellcasting
 + Level 15.6(14.9) Evocations


You had 20 spell levels left.
You knew the following spells:

 Your Spells              Type           Power        Failure   Level  Hunger
a - Poisonous Vapours     Pois/Air       #.....       19%         2    None
b - Sticks to Snakes      Tmut           #.......     19%         2    None
c - Call Imp              Summ           #.......     19%         2    None
e - Mephitic Cloud        Conj/Pois/Air  #.......     36%         3    ##.....
s - Conjure Flame         Conj/Fire      #.......     36%         3    ##.....
v - Blink                 Tloc           N/A          19%         2    None
z - Confusing Touch       Hex            #.....       12%         1    None

Your spell library contained the following spells:

 Spells                   Type           Power        Failure   Level  Hunger
 Cause Fear               Hex            #.........   77%         4    ####...
 Magic Dart               Conj           #...         12%         1    None
 Slow                     Hex            #.......     19%         2    None
 Confuse                  Hex            #.......     36%         3    ##.....
 Freezing Cloud           Conj/Ice/Air   #.........   100%        6    #######
 Ring of Flames           Chrm/Fire      #.........   100%        7    #######
 Summon Demon             Summ           #.........   98%         5    #####..
 Recall                   Summ/Tloc      N/A          36%         3    ##.....
 Spider Form              Tmut/Pois      #.........   36%         3    ##.....
 Blade Hands              Tmut           #.........   98%         5    #####..
 Ice Form                 Ice/Tmut       #.......     77%         4    ####...
 Deflect Missiles         Chrm/Air       #.........   100%        6    #######
 Shadow Creatures         Summ           N/A          100%        6    #######
 Metabolic Englaciation   Hex/Ice        #.........   98%         5    #####..
 Silence                  Hex/Air        #.........   98%         5    #####..
 Petrify                  Tmut/Erth      #.......     77%         4    ####...
 Aura of Abjuration       Summ           #.........   98%         5    #####..
 Beastly Appendage        Tmut           #.....       12%         1    None
 Discord                  Hex            #.........   100%        8    #######
 Summon Forest            Summ/Tloc      #.........   98%         5    #####..
 Summon Mana Viper        Hex/Summ       #.......     98%         5    #####..
 Gell's Gravitas          Tloc           #.........   36%         3    ##.....
 Yara's Violent Unravell  Hex/Tmut       #.........   98%         5    #####..


Dungeon Overview and Level Annotations

Branches:
Dungeon (15/15) Temple (1/1) D:4 Lair (0/6) D:10 Orc (2/2) D:9 Elf (1/3) Orc:2 Vaults (0/5) D:12 D:13 Depths (1/5) D:15

Altars:
Ashenzari
Cheibriados
Dithmenos
Elyvilon
Fedhas
Gozag
Hepliaklqana
Kikubaaqudgha
Makhleb
Nemelex Xobeh
Okawaru
Qazlal
Ru
Sif Muna
Trog
Uskayaw
Vehumet
Wu Jian
Xom
Yredelemnul
Zin
The Shining One

Shops:
D:4 (   D:11 :   Orc:2 %?([   Elf:1 }}!*

Portals:
Abyss: Depths:1
Pandemonium: Depths:1
Ziggurat: Depths:1
Trove: D:14 (give 14 potions of curing)

Annotations:
D:14 exclusion: obsidian statue, Roxanne
Elf:1 exclusion: dancing weapon
Depths:1 3 runed doors, Tac Ych's ghost, journeyman SpBe


Innate Abilities, Weirdness & Mutations

You are very small and have problems with some larger weapons.
You are too small for most types of armour.
You have supernaturally acute eyesight. (SInv)
You are a herbivore.
You cover ground extremely quickly.
You need to consume almost no food.
You are surrounded by a mild repulsion field. (EV +2)


Message History

Confirm with . or Enter, or press ? or * to list all spells.
Your hands begin to glow red.
The vampire mage barely misses you. The vampire mage completely misses you.
Wield which item (- for none, * to show all)? (? for menu, Esc to quit)
Your +0 dagger of venom stops dripping with poison.
You are now empty-handed.
Really attack barehanded?
You barely miss the vampire mage.
The vampire mage is severely damaged.
You block the vampire mage's attack. The vampire mage bites you.
The vampire mage draws strength from your injuries!
You hit the vampire mage but do no damage.
The vampire mage is severely damaged.
The vampire mage misses you. You block the vampire mage's attack.
You hit the vampire mage but do no damage.
The vampire mage is severely damaged.
The vampire mage closely misses you. You block the vampire mage's attack.
You hit the vampire mage but do no damage.
The vampire mage is severely damaged.
The vampire mage hits you! You block the vampire mage's attack.
You hit the vampire mage but do no damage.
The vampire mage appears confused.
The vampire mage is severely damaged.
Wield which item (- for none, * to show all)? (? for menu, Esc to quit)
Your +0 dagger of venom begins to drip with poison!
a - a +0 dagger of venom (weapon)
You strike the helpless vampire mage from behind!
You impale the vampire mage!!
The vampire mage is almost destroyed.
You barely miss the vampire mage.
The vampire mage is almost destroyed.
The vampire mage seems less confused.
You hit the vampire mage but do no damage.
The vampire mage is almost destroyed.
The vampire mage casts a spell at you. The bolt of negative energy misses you.
You hit the vampire mage but do no damage.
The vampire mage is almost destroyed.
The vampire mage is infused with unholy energy.
* * * LOW HITPOINT WARNING * * *
The vampire mage draws life force from you and is healed!
Casting: Confusing Touch (safe; 11% risk of failure)
Confirm with . or Enter, or press ? or * to list all spells.
Your hands begin to glow red.
Wield which item (- for none, * to show all)? (? for menu, Esc to quit)
Your +0 dagger of venom stops dripping with poison.
You are now empty-handed.
The vampire mage misses you. The vampire mage bites you.
* * * LOW HITPOINT WARNING * * *
The vampire mage draws strength from your injuries!
Really attack barehanded?
You hit the vampire mage but do no damage.
The vampire mage is severely damaged.
The vampire mage gestures at you while chanting.
The bolt of negative energy hits you!
You feel drained.
* * * LOW HITPOINT WARNING * * *
You hit the vampire mage but do no damage.
The vampire mage is severely damaged.
The vampire mage barely misses you. The vampire mage closely misses you.
You hit the vampire mage but do no damage.
The vampire mage is severely damaged.
The vampire mage is infused with unholy energy.
You die...
Your body crumbles into a pile of gold.

####################
#...........(.......
#...................
#...........(.......
#............)......
#.####..............
#..#V#..............
#)#@#...............
#.####..############
#.......# #
#.......# #
#.......# #.....[.#
#.......#####
#.........D.#
#.......###.##


You could see a vampire mage (invisible).

Vanquished Creatures
  Rupert (D:12)
  Kirke (D:12)
  A fire giant (D:15)
  A stone giant (D:15)
  A vampire knight (D:15)
  A merfolk impaler (Depths:1)
  2 ettins (Depths:1)
  Fannar (D:10)
  3 great orbs of eyes
  3 ice dragons (Depths:1)
  Erica (D:8)
  4 hydras
  5 centaur warriors
  2 ogre magi (D:15)
  9 two-headed ogres
  5 tengu warriors
  2 deep troll earth magi (D:15)
  An alligator (shapeshifter) (Depths:1)
  3 orc high priests (Orc:2)
  A vampire mage (Depths:1)
  11 hell knights
  A shock serpent (Orc:2)
  5 deep elf knights
  The ghost of emperorscorpion the Poker, a novice CeSk of Ru (Orc:1)
  A fire crab (shapeshifter) (D:15)
  2 glowing orange brains (Depths:1)
  A deep troll (D:15)
  2 unseen horrors
  A harpy (D:13)
  4 necromancers
  4 deep elf archers (Elf:1)
  3 wizards
  A wolf spider zombie (D:15)
  2 orc knights
  An oklob plant (D:13)
  10 ugly things
  17 deep elf magi
  An orc sorcerer (Orc:2)
  A cyclops (D:13)
  3 manticores
  Joseph (D:10)
  3 ice statues (IceCv)
  3 centaur skeletons
  Psyche (D:10)
  3 gargoyles
  An eye of devastation (D:14)
  A kobold demonologist (D:14)
  A komodo dragon (D:10)
  A yaktaur (Depths:1)
  The ghost of BattleRest the Skirmisher, an amateur HOFi (D:4)
  7 trolls
  2 tengu conjurers
  2 spectral orcs (Orc:1)
  24 slime creatures
  3 hornets
  5 hippogriffs
  3 centaur simulacra
  2 wraiths
  A redback (D:13)
  2 dire elephant simulacra (IceCv)
  2 shadows
  4 air elementals (Elf:1)
  6 wyverns
  2 vampires
  16 yaks
  5 water elementals
  4 hogs (D:12)
  A basilisk (D:13)
  4 hungry ghosts
  16 humans
  Menkaure (D:7)
  4 vampire mosquitoes
  5 wargs
  A harpy simulacrum (IceCv)
  An acid dragon (D:15)
  2 hydra simulacra (IceCv)
  36 orc warriors
  8 ice beasts
  An ettin simulacrum (IceCv)
  4 phantoms
  3 black bears
  An eye of draining (D:12)
  5 sky beasts
  2 centaurs
  14 ogres
  A crocodile (D:15)
  4 big kobolds
  7 bullfrogs
  2 gnoll sergeants
  A water moccasin zombie (D:9)
  A wyvern skeleton (D:12)
  5 scorpions
  9 killer bees
  3 howler monkeys (D:9)
  4 wights (D:8)
  4 crimson imps
  3 bullfrog zombies
  4 centaur zombies
  2 quasits
  34 orc wizards
  8 jellies
  5 hounds
  30 orc priests
  A gnoll shaman (D:6)
  3 bullfrog skeletons
  8 iguanas
  11 worker ants
  A hound zombie (D:5)
  2 hound skeletons
  19 gnolls
  18 adders
  2 ogre simulacra (Orc:1)
  3 shadow imps
  14 oozes
  3 orc simulacra (Orc:1)
  An adder zombie (D:8)
  3 worms (D:2)
  2 dart slugs
  18 leopard geckos
  87 orcs
  24 giant cockroaches
  3 hobgoblins
  13 jackals
  4 quokkas
  13 ball pythons
  6 bats
  4 frilled lizards
  A giant cockroach zombie (D:4)
  5 goblins
  A jackal skeleton (D:6)
  19 kobolds
  2 quokka skeletons (D:9)
  A quokka zombie (D:6)
  11 rats
  2 plants (D:13)
767 creatures vanquished.

Vanquished Creatures (collateral kills)
  A very ugly thing (Depths:1)
  A fire dragon (Depths:1)
  2 peacekeepers (Elf:1)
  2 dancing weapons (Elf:1)
  A deep elf knight (Elf:1)
  2 deep elf magi (Elf:1)
  2 ice statues (IceCv)
  A hydra simulacrum (IceCv)
  A bullfrog skeleton (D:9)
  An orc (D:3)
14 creatures vanquished.

Vanquished Creatures (others)
  2 very ugly things (IceCv)
  A dancing weapon (Elf:1)
  An unseen horror (D:13)
  A hydra simulacrum (IceCv)
  An ettin simulacrum (IceCv)
  An orc wizard (D:12)
  A ball python (D:5)
  18 plants
26 creatures vanquished.

Grand Total: 807 creatures vanquished

Notes
Turn   | Place    | Note
-------+----------+-------------------------------------------
     0 | D:1      | Amnesiac the Spriggan Wanderer began the quest for the Orb.
     0 | D:1      | Amnesiac set off with: a +2 dagger, a scroll of fear {!r}, a scroll of teleportation {!r}, a wand of random effects (15), a +0 robe, a ration
     0 | D:1      | Reached XP level 1. HP: 12/12 MP: 3/3
   370 | D:2      | Reached XP level 2. HP: 16/16 MP: 4/4
   542 | D:3      | Reached XP level 3. HP: 19/20 MP: 5/7
   624 | D:3      | Found a glowing drain.
   673 | Sewer    | Entered a sewer
   747 | Sewer    | Reached XP level 4. HP: 23/24 MP: 8/8
   756 | Sewer    | Reached skill level 1 in Short Blades
   767 | Sewer    | Reached skill level 5 in Evocations
  1069 | Sewer    | Reached skill level 2 in Dodging
  1263 | Sewer    | Reached XP level 5. HP: 11/28 MP: 9/9
  1641 | Sewer    | Reached skill level 3 in Dodging
  1951 | Sewer    | Reached XP level 6. HP: 15/32 MP: 10/10
  2299 | D:3      | Reached skill level 4 in Dodging
  2341 | D:3      | Found a snail-covered altar of Cheibriados.
  2755 | D:4      | Found Nothryce's Weapon Shop.
  2780 | D:4      | Bought a +0 blowgun for 27 gold pieces
  3008 | D:4      | Reached skill level 5 in Short Blades
  3129 | D:4      | Found a staircase to the Ecumenical Temple.
  3138 | Temple   | Entered the Ecumenical Temple
  3237 | Temple   | Became a worshipper of Gozag Ym Sagoz the Greedy
  4089 | D:1      | Reached skill level 5 in Dodging
  4569 | D:4      | Reached XP level 7. HP: 36/36 MP: 11/11
  4607 | D:4      | Found a runed door.
  4618 | D:4      | Noticed BattleRest's ghost (amateur HOFi)
  4855 | D:4      | Bought 11 poisoned needles for 48 gold pieces
  4860 | D:5      | Entered Level 5 of the Dungeon
  5180 | D:4      | Killed BattleRest's ghost
  5180 | D:4      | Reached skill level 7 in Dodging
  5336 | D:5      | Reached skill level 8 in Dodging
  6190 | D:5      | Reached XP level 8. HP: 40/40 MP: 13/13
  8612 | D:7      | Reached XP level 9. HP: 25/44 MP: 16/16
  8835 | D:7      | Noticed Menkaure
  8845 | D:7      | Killed Menkaure
  9090 | D:8      | Noticed a two-headed ogre
  9092 | D:8      | Killed a two-headed ogre
  9092 | D:8      | Reached skill level 9 in Dodging
  9397 | D:1      | Learned a level 2 spell: Sticks to Snakes
  9650 | D:8      | Noticed Erica
  9660 | D:8      | Killed Erica
  9660 | D:8      | Reached skill level 5 in Fighting
  9660 | D:8      | Reached skill level 10 in Dodging
  9660 | D:8      | Reached skill level 10 in Evocations
 10059 | D:8      | Reached XP level 10. HP: 48/51 MP: 18/18
 10209 | D:8      | Reached skill level 1 in Shields
 12520 | D:9      | Found a staircase to the Orcish Mines.
 12562 | D:9      | Reached skill level 5 in Shields
 14227 | D:10     | Entered Level 10 of the Dungeon
 14259 | D:10     | Reached XP level 11. HP: 47/55 MP: 19/19
 14652 | D:10     | Noticed Joseph
 14694 | D:10     | Killed Joseph
 15615 | D:10     | Noticed a two-headed ogre
 15918 | D:10     | Killed a two-headed ogre
 15947 | D:10     | Noticed Fannar
 16015 | D:10     | Killed Fannar
 16015 | D:10     | Reached skill level 11 in Dodging
 16218 | D:10     | Found a staircase to the Lair.
 16824 | D:10     | Noticed Psyche
 16826 | D:10     | Killed Psyche
 17430 | D:11     | Reached skill level 12 in Dodging
 17437 | D:11     | Noticed a four-headed hydra
 17632 | D:11     | Noticed a six-headed hydra
 17647 | D:11     | Killed a six-headed hydra
 17738 | D:11     | Noticed a five-headed hydra
 17757 | D:11     | Killed a five-headed hydra
 17848 | D:11     | Noticed a red ugly thing
 18480 | D:11     | Reached XP level 12. HP: 62/62 MP: 22/22
 18570 | D:11     | Killed a four-headed hydra
 19019 | D:10     | Reached skill level 13 in Dodging
 19391 | D:11     | Found Jair Foi's Book Shop.
 20689 | D:12     | Paralysed by a hornet for 2 turns
 21621 | D:13     | Noticed Rupert
 21622 | D:13     | Noticed a centaur warrior
 21624 | D:13     | Noticed a centaur warrior
 21659 | D:12     | Killed a centaur warrior
 22095 | D:12     | Paralysed by Rupert for 6 turns
 22152 | D:12     | Killed Rupert
 22152 | D:12     | Reached skill level 10 in Fighting
 22341 | D:12     | Killed a centaur warrior
 22656 | D:13     | Found a gate to the Vaults.
 22656 | D:13     | Noticed Kirke
 22656 | D:13     | Noticed a tengu warrior
 22676 | D:12     | Reached XP level 13. HP: 71/72 MP: 23/23
 23071 | D:12     | Killed Kirke
 23929 | D:13     | Got a slimy falchion
 24008 | D:13     | Identified the +9 falchion "Ufeumoma" {flame, *Rage +Fly Str+3 Int+4} (You found it on level 13 of the Dungeon)
 24408 | D:13     | Learned a level 2 spell: Poisonous Vapours
 24415 | D:13     | Reached skill level 1 in Spellcasting
 24511 | D:13     | Learned a level 3 spell: Conjure Flame
 24515 | D:13     | Learned a level 3 spell: Mephitic Cloud
 24653 | D:13     | Found an ancient bone altar of Kikubaaqudgha.
 25027 | D:14     | Learned a level 2 spell: Blink
 25030 | D:14     | Learned a level 2 spell: Call Imp
 25286 | D:14     | Found a portal to a secret trove of treasure.
 25467 | D:14     | Noticed Nessos
 25468 | D:14     | Noticed Nessos
 25468 | D:14     | Nessos changed into Nessos the eye of devastation
 25472 | D:14     | Killed Nessos the eye of devastation
 25701 | D:14     | Gained mutation: Your spells are a little easier to cast, but a little less powerful. [mutagenic glow]
 25750 | D:14     | Gained mutation: You occasionally shout uncontrollably at your foes. [mutagenic glow]
 25972 | D:13     | Reached skill level 5 in Spellcasting
 26192 | D:14     | Lost mutation: Your spells are a little easier to cast, but a little less powerful. [potion of mutation]
 26192 | D:14     | Lost mutation: You occasionally shout uncontrollably at your foes. [potion of mutation]
 26192 | D:14     | Gained mutation: You are surrounded by a mild repulsion field. (EV +2) [potion of mutation]
 26275 | D:14     | Noticed Roxanne
 26804 | D:15     | Entered Level 15 of the Dungeon
 27125 | D:15     | Reached XP level 14. HP: 72/81 MP: 25/25
 28692 | D:15     | Noticed a fire giant
 28721 | D:15     | Killed a fire giant
 29010 | D:15     | Found a staircase to the Depths.
 29543 | Orc:1    | Entered Level 1 of the Orcish Mines
 29713 | Orc:2    | Entered Level 2 of the Orcish Mines
 29713 | Orc:2    | Found a staircase to the Elven Halls.
 33687 | Orc:2    | Found Upeiklemn's Antique Weapon Emporium.
 33687 | Orc:2    | Found Dioke's Food Shoppe.
 33688 | Orc:2    | Found Ohoxa's Magic Scroll Shoppe.
 33691 | Orc:2    | Found Afuzaf's Armour Emporium.
 33702 | Orc:2    | Bought a scroll of blinking for 97 gold pieces
 33702 | Orc:2    | Bought a scroll of teleportation for 39 gold pieces
 33702 | Orc:2    | Bought a scroll of blinking for 97 gold pieces
 33702 | Orc:2    | Bought a scroll of holy word for 97 gold pieces
 33702 | Orc:2    | Bought a scroll of identify for 26 gold pieces
 33702 | Orc:2    | Bought a scroll of identify for 26 gold pieces
 33863 | Orc:2    | Reached skill level 10 in Spellcasting
 34464 | Orc:1    | Found a runed gate.
 34464 | Orc:1    | Found a runed gate.
 34464 | Orc:1    | Found a runed gate.
 34546 | Orc:1    | Noticed emperorscorpion's ghost (novice CeSk)
 34755 | Orc:1    | Killed emperorscorpion's ghost
 35330 | Elf:1    | Entered Level 1 of the Elven Halls
 35478 | Elf:1    | Found Ucrasi's Gadget Emporium.
 35481 | Elf:1    | Found Veynulul's Assorted Antiques.
 35481 | Elf:1    | Found Jupa's Gadget Emporium.
 35484 | Elf:1    | Found Jyatt's Distillery.
 35486 | Elf:1    | Bought a box of beasts for 280 gold pieces
 35486 | Elf:1    | Bought a wand of paralysis (11) for 182 gold pieces
 35486 | Elf:1    | Bought a wand of enslavement (16) for 252 gold pieces
 35489 | Elf:1    | Bought a glowing scarf for 120 gold pieces
 35501 | Elf:1    | Bought a potion of ambrosia for 104 gold pieces
 35501 | Elf:1    | Bought 2 potions of invisibility for 208 gold pieces
 35504 | Elf:1    | Bought a sack of spiders for 260 gold pieces
 35504 | Elf:1    | Bought a wand of paralysis (11) for 169 gold pieces
 35573 | Elf:1    | Found a frozen archway.
 35583 | IceCv    | Entered an ice cave
 35813 | IceCv    | Reached skill level 14 in Dodging
 35974 | IceCv    | Noticed a white very ugly thing
 36093 | IceCv    | Noticed a white very ugly thing
 37096 | Elf:1    | Reached XP level 15. HP: 49/87 MP: 26/30
 39046 | D:11     | Bought a book of Misfortune for 340 gold pieces
 39048 | D:11     | Learned a level 1 spell: Confusing Touch
 39241 | Depths:1 | Entered Level 1 of the Depths
 39622 | D:15     | Reached skill level 15 in Dodging
 40393 | D:15     | Reached skill level 15 in Evocations
 40553 | Depths:1 | Found a runed gate.
 40553 | Depths:1 | Found a runed gate.
 40553 | Depths:1 | Found a runed gate.
 40553 | Depths:1 | Noticed Tac Ych's ghost (journeyman SpBe)
 40553 | Depths:1 | Noticed an ancient lich
 41101 | D:15     | Paralysed by a great orb of eyes for 6 turns
 41236 | Depths:1 | Found a one-way gate leading to the halls of Pandemonium.
 41785 | Depths:1 | Reached skill level 15 in Fighting
 41869 | Depths:1 | Found a one-way gate to the infinite horrors of the Abyss.
 42517 | Depths:1 | Found a gateway to a ziggurat.
 42800 | Depths:1 | Reached skill level 16 in Dodging
 42939 | Depths:1 | Reached XP level 16. HP: 84/95 MP: 28/31
 43258 | Depths:1 | Killed from afar by a vampire mage

Vault maps used:
D:1:      scummos_arrival_star
D:3:      marbit_many_paths, first_ration, gup_sewer_entry_spiral
D:4:      temple_fountains, serial_shops, shop, ebering_ghost_sewer_d
D:5:      serial_park_tiny_2, lemuel_flamethrower_1
D:7:      uniq_menkaure
D:8:      uniq_erica
D:9:      david_orc_4
D:10:     david_lair_shrubbed, hangedman_little_slice_of_home, nooodl_orcs_dogs,
          uniq_psyche, uniq_joseph, uniq_fannar
D:11:     serial_shops, shop
D:13:     minmay_stepped, david_vaults_3, lemuel_oklob_altar, uniq_kirke
D:14:     nicolae_trove_entry_columns, minmay_statue_bubble, uniq_nessos,
          uniq_roxanne
D:15:     grunt_enter_depths_giant_problem, minmay_misc_feat_x
Temple:   roderic_octagonal_lattice_temple
Orc:1:    gammafunk_ghost_necromancy
Orc:2:    st_orc_mages
Elf:1:    elf_arrival_001, portal_ice_cave_entry_pillars_2,
          portal_desolation_entry_twin_temple, minivault_28, minmay_shoptagon
Depths:1: enter_ziggurat_f, gammafunk_ghost_necromancy, pan_entry,
          minmay_misc_feat_tiny, abyss_entry, hell_entry, serial_bayou_pond_b,
          guppyfry_shop_blood, kennysheep_random_hallway
Sewer:    sewer_frog_island_02
IceCv:    ice_cave_statue_garden_chambered

Skill      XL: |  1  2  3  4  5  6  7  8  9 10 11 12 13 14 15 |
---------------+----------------------------------------------+-----
Evocations     | 2 4 5 6 8 10 12 13 14 15 | 15.6
Stealth        | 6 8 |  8.0
Short Blades   | 2 4 5 6 8 |  8.0
Dodging        | 2 3 5 8 10 12 13 14 16 | 16.0
Fighting       | 5 6 10 12 13 15 | 15.3
Shields        | 7 |  7.5
Spellcasting   | 7 10 | 10.0

Action                   |  1- 3 |  4- 6 |  7- 9 | 10-12 | 13-15 | 16-18 || total
-------------------------+-------+-------+-------+-------+-------+-------++-------
Melee: Dagger            |   110 |   377 |   330 |  1903 |  2765 |    28 ||  5513
       Short sword       |       |       |   125 |     3 |       |       ||   128
       Scimitar          |       |       |     2 |    34 |    15 |       ||    51
       Falchion          |       |       |       |       |    50 |       ||    50
       Unarmed           |       |       |       |       |     5 |     8 ||    13
 Fire: Blowgun           |       |    28 |    11 |       |       |       ||    39
Throw: Throwing net      |       |       |     1 |     1 |       |       ||     2
 Cast: Sticks to Snakes  |       |       |       |     4 |     5 |       ||     9
       Conjure Flame     |       |       |       |       |    81 |     8 ||    89
       Poisonous Vapours |       |       |       |       |    16 |       ||    16
       Mephitic Cloud    |       |       |       |       |    57 |       ||    57
       Blink             |       |       |       |       |    13 |       ||    13
       Call Imp          |       |       |       |       |    14 |       ||    14
       Confusing Touch   |       |       |       |       |     2 |     2 ||     4
Invok: Potion Petition   |       |       |       |       |     1 |       ||     1
Evoke: Wand              |     1 |    14 |    13 |    82 |    79 |       ||   189
       Box of beasts     |       |       |       |       |     4 |       ||     4
       Sack of spiders   |       |       |       |       |     1 |       ||     1
  Use: Potion            |     1 |       |     2 |     1 |     9 |       ||    13
       Scroll            |       |     4 |    10 |     5 |     9 |       ||    28
 Stab: Sleeping          |     8 |    13 |    12 |    18 |    20 |       ||    71
       Confused          |     1 |       |       |       |    51 |     1 ||    53
       Paralysed         |       |     1 |       |     1 |     6 |       ||     8
       Distracted        |       |     2 |     4 |     9 |     9 |       ||    24
       Held in net/web   |       |       |     1 |     1 |       |       ||     2
       Invisible         |       |       |       |       |     2 |       ||     2
  Eat: Ration            |       |     2 |     2 |    10 |    18 |       ||    32
Armor: Robe              |    17 |    35 |     9 |    63 |   106 |       ||   230
Dodge: Dodged            |   100 |   367 |   313 |   948 |  1721 |    23 ||  3472
Block: Buckler           |       |       |     4 |   517 |   965 |     9 ||  1495
       Rpst.: Scimitar   |       |       |     2 |     5 |     3 |       ||    10
       Falchion          |       |       |       |       |    18 |       ||    18

Table legend:
 A = Spawn XP
 B = Non-spawn XP
 C = Spawn XP percentage of total XP
 D = Spawn monster count
 E = Non-spawn monster count
 F = Spawn count percentage of total count
 G = Total turns spent on level
                    A         B        C        D         E        F      G
               +---------+---------+-------+---------+---------+-------+---------
         Total |       0 |  154614 |   0.0 |       0 |     785 |   0.0 | 43258
               +---------+---------+-------+---------+---------+-------+---------
           D:1 |       0 |      35 |   0.0 |       0 |      22 |   0.0 |   930
           D:2 |       0 |      37 |   0.0 |       0 |       9 |   0.0 |   628
           D:3 |       0 |     213 |   0.0 |       0 |      29 |   0.0 |   959
           D:4 |       0 |     612 |   0.0 |       0 |      17 |   0.0 |   888
           D:5 |       0 |     514 |   0.0 |       0 |      25 |   0.0 |  1763
           D:6 |       0 |     514 |   0.0 |       0 |      26 |   0.0 |  1312
           D:7 |       0 |    1202 |   0.0 |       0 |      28 |   0.0 |  1183
           D:8 |       0 |    3272 |   0.0 |       0 |      20 |   0.0 |  2105
           D:9 |       0 |    4360 |   0.0 |       0 |      50 |   0.0 |  3321
          D:10 |       0 |    8326 |   0.0 |       0 |      71 |   0.0 |  4117
          D:11 |       0 |    7644 |   0.0 |       0 |      33 |   0.0 |  2121
          D:12 |       0 |   15968 |   0.0 |       0 |      60 |   0.0 |  2609
          D:13 |       0 |   10878 |   0.0 |       0 |      25 |   0.0 |  2080
          D:14 |       0 |    8533 |   0.0 |       0 |      37 |   0.0 |  2246
          D:15 |       0 |   35568 |   0.0 |       0 |      66 |   0.0 |  3294
        Temple |       0 |       6 |   0.0 |       0 |       2 |   0.0 |   282
         Orc:1 |       0 |    3196 |   0.0 |       0 |      34 |   0.0 |  1734
         Orc:2 |       0 |    8569 |   0.0 |       0 |      86 |   0.0 |  4061
         Elf:1 |       0 |   19204 |   0.0 |       0 |      38 |   0.0 |  2232
      Depths:1 |       0 |   21495 |   0.0 |       0 |      32 |   0.0 |  2571
         Sewer |       0 |     327 |   0.0 |       0 |      54 |   0.0 |  1576
         IceCv |       0 |    4141 |   0.0 |       0 |      21 |   0.0 |  1246
               +---------+---------+-------+---------+---------+-------+---------
